Map: Ruins of Endion

Players

Synthpop

  • Race: Zerg Zerg
  • League: Gold

capac - Winner!

  • Race: Terran Terran
  • League: Gold

VOD

Have the link to the VOD?

Description

Time

  • Played on: May 7, 2016, 6:16 p.m.
  • Length: 17:51
Show
View Real Time Build Order
Export as new Build Order

Synthpop Zerg 

Build Orders: Hatch First 

Get SALT Encoding   

  12  0:01  Drone  
  13  0:13  Drone  
  14  0:17  Overlord  
  14  0:26  Extractor  
  14  0:28  Drone  
  15  0:39  Drone x2  
  17  1:10  Hatchery, Drone x2  
  17  1:11  Extractor  
  17  1:21  Spawning Pool, Drone  
  17  1:32  Drone x2  
  19  1:51  Overlord  
  19  2:04  Drone  
  19  2:07  Queen  
  22  2:11  Zergling x2  
  22  2:15  Zergling x2  
  24  2:24  Queen  
  26  2:41  Drone  
  26  2:42  Drone x3  
  26  2:43  Overlord  
  30  2:46  Queen  
  32  2:54  Drone x2  
  34  3:02  Queen  
  36  3:06  Overlord  
  36  3:07  Drone  
  37  3:15  Drone  
  38  3:23  Drone x3  
  38  3:24  Roach Warren, Drone  
  41  3:30  Pneumatized Carapace  
  41  3:33  Drone x2  
  43  3:47  Drone x4  
  47  3:49  Lair  
  47  4:09  Extractor  
  46  4:10  Overlord, Extractor  
  46  4:11  Overlord  
  46  4:12  Drone x4  
  49  4:21  Hatchery  
  49  4:22  Spore Crawler  
  47  4:24  Spore Crawler  
  47  4:29  Drone  
  47  4:30  Drone x6  
  53  4:41  Overlord  
  53  4:47  Roach  
  55  5:07  Roach x2  
  55  5:08  Roach x2  
  55  5:09  Glial Reconstitution  
  63  5:17  Infestation Pit  
  63  5:20  Roach  
  63  5:21  Roach x2  
  68  5:22  Overlord  
  68  5:23  Overlord  
  68  5:31  Overlord x2  
  68  5:35  Extractor  
  67  5:48  Drone x2  
  69  5:51  Queen  
  69  5:54  Drone  
  69  5:55  Drone x5  
  77  5:57  Roach  
  77  5:58  Roach  
  77  6:01  Ravager x3  
  77  6:02  Ravager x2  
  86  6:07  Drone x3  
  89  6:21  Spore Crawler  
  89  6:24  Pathogen Glands  
  88  6:26  Drone x7  
  95  6:42  Spore Crawler  
  94  6:53  Roach x6  
  104  7:03  Zergling x4  
  91  7:16  Zergling x2  
  91  7:17  Zergling x28  
  99  7:28  Roach  
  99  7:29  Roach x2  
  99  7:46  Zergling x14  
  99  7:48  Overlord x3  
  106  8:04  Overlord x3  
  106  8:09  Evolution Chamber  
  106  8:11  Evolution Chamber  
  104  8:14  Drone  
  104  8:15  Extractor, Drone x5  
  104  8:16  Extractor  
  108  8:26  Zergling x2  
  109  8:27  Zergling x4  
  83  8:55  Roach x14  
  102  9:20  Zerg Missile Weapons Level 1  
  102  9:21  Zerg Ground Armor Level 1  
  102  9:25  Zergling x2  
  102  9:26  Zergling x8  
  106  9:38  Infestor x3  
  106  9:39  Infestor x2  
  116  9:50  Hive  
  116  9:56  Drone x3  
  116  9:57  Drone x6  
  125  10:02  Overlord  
  125  10:03  Overlord x2  
  125  10:09  Spore Crawler  
  125  10:10  Drone  
  125  10:12  Spore Crawler  
  124  10:17  Roach x2  
  128  10:25  Overseer  
  128  10:28  Overseer  
  128  10:33  Overlord  
  128  10:34  Overlord x2  
  128  10:35  Roach  
  130  10:36  Roach x7  
  144  10:54  Roach  
  144  10:55  Roach x9  
  164  10:59  Hatchery  
  163  11:13  Hatchery  
  163  11:15  Viper x3  
  163  11:16  Viper  
  174  11:20  Zerg Missile Weapons Level 2  
  174  11:21  Zerg Ground Armor Level 2  
  174  12:05  Ravager  
  174  12:06  Ravager x14  
  174  12:07  Ravager  
  174  12:08  Ravager  
  191  12:38  Queen  
  193  12:45  Extractor  
  193  12:46  Hatchery  
  193  12:48  Extractor, Overseer x2  
  190  13:01  Hatchery  
  136  13:22  Roach  
  136  13:24  Roach  
  136  13:25  Roach x24  
  136  13:26  Roach x8  
  163  13:29  Zergling x4  
  163  13:30  Zergling x6  
  163  13:38  Infestor x2  
  163  13:39  Infestor  
  169  13:41  Zergling x2  
  144  13:59  Zergling x18  
  118  14:27  Ravager  
  118  14:28  Ravager x8  
  118  14:29  Zergling x2  
  118  14:30  Zergling x26  
  139  14:50  Zergling x2  
  139  14:51  Zergling x22  
  150  15:06  Ravager x4  
  155  15:07  Ravager x3  
  155  15:17  Spire  
  104  15:46  Zergling x22  
  104  15:47  Zergling x32  
  130  16:28  Extractor  
  130  16:29  Extractor  
  101  16:43  Corruptor x9  
  107  16:50  Zergling x2  
  107  16:51  Zergling x34  
  124  17:00  Zergling x2  
  124  17:01  Zergling x4  
  127  17:11  Roach  
  127  17:12  Roach x6  
  141  17:23  Roach  
  141  17:24  Roach x6  
Show
View Real Time Build Order
Export as new Build Order

capac Terran - Winner!

Build Orders: Reaper Expand, MMM Bio 

Get SALT Encoding   

  12  0:01  SCV  
  13  0:13  SCV  
  14  0:19  Supply Depot  
  14  0:25  SCV  
  15  0:41  SCV  
  15  0:42  Barracks  
  16  0:46  Refinery  
  16  0:53  SCV  
  17  1:05  SCV  
  18  1:17  SCV  
  19  1:29  Orbital Command  
  19  1:30  Reaper  
  20  1:44  Command Center  
  20  1:52  Supply Depot  
  20  1:55  SCV  
  21  2:02  Marine  
  22  2:10  SCV  
  22  2:11  Factory  
  23  2:17  Refinery  
  23  2:25  Barracks  
  23  2:28  Barracks Reactor  
  23  2:35  SCV  
  24  2:50  SCV  
  25  2:58  Bunker  
  25  2:59  Orbital Command  
  25  3:03  SCV  
  25  3:05  Factory Tech Lab  
  26  3:06  Starport  
  26  3:14  Marine  
  26  3:15  Marine  
  26  3:16  Barracks Tech Lab  
  28  3:22  SCV  
  28  3:26  SCV  
  31  3:34  SCV  
  31  3:36  Siege Tank  
  31  3:39  Marine  
  31  3:40  Marine  
  36  3:42  SCV  
  36  3:46  SCV  
  36  3:48  Marine  
  39  3:54  SCV  
  40  3:56  Supply Depot  
  40  3:58  Medivac  
  40  4:00  Marine x2  
  40  4:02  SCV  
  45  4:10  Supply Depot  
  45  4:16  SCV  
  46  4:18  SCV  
  46  4:19  Supply Depot  
  46  4:21  Siege Tank  
  46  4:22  Marine  
  51  4:29  SCV  
  51  4:31  Marine x2  
  54  4:35  Stimpack  
  54  4:45  Starport Reactor  
  53  4:49  SCV x2  
  53  4:51  Supply Depot  
  55  4:55  Refinery  
  55  4:56  Marine x3  
  58  5:03  SCV x2  
  58  5:05  Barracks  
  60  5:15  SCV  
  60  5:16  SCV  
  60  5:17  Barracks  
  60  5:18  Engineering Bay  
  62  5:22  Engineering Bay  
  62  5:25  Refinery  
  62  5:27  Marine x3  
  65  5:33  Medivac  
  65  5:34  Medivac  
  69  5:44  Siege Tank  
  69  5:48  Supply Depot  
  72  5:52  SCV x2  
  74  5:59  Marine x2  
  74  6:01  Barracks Reactor  
  76  6:10  Supply Depot, Barracks Tech Lab  
  76  6:11  Marauder  
  76  6:13  Supply Depot  
  76  6:15  Terran Infantry Weapons Level 1  
  76  6:16  Terran Infantry Armor Level 1  
  78  6:28  SCV x2  
  78  6:32  Marine x2  
  81  6:33  Armory  
  81  6:34  Marauder  
  84  6:42  Marine  
  84  6:43  Marine  
  86  6:49  Barracks  
  86  6:51  SCV x2  
  88  6:54  Supply Depot  
  88  6:56  Marine x2  
  88  6:57  Marauder  
  79  7:24  Marine x3  
  79  7:25  Marine  
  83  7:36  Marine  
  84  7:37  Marauder  
  84  7:40  Barracks  
  84  7:41  Barracks Reactor  
  84  7:43  Combat Shields  
  86  7:46  Concussive Shells  
  86  7:56  Marine  
  86  7:57  Marine x3  
  86  7:58  Marauder, Command Center  
  92  7:59  SCV x2  
  92  8:04  Supply Depot  
  94  8:12  Terran Infantry Weapons Level 2  
  94  8:14  Terran Infantry Armor Level 2  
  65  8:55  Marine  
  65  8:56  Marine x6  
  65  8:58  Marauder x2  
  74  9:07  Medivac  
  74  9:08  Siege Tank, Medivac  
  81  9:13  Supply Depot  
  81  9:14  Supply Depot, Marine  
  81  9:15  Marine x4  
  86  9:17  Barracks Reactor  
  86  9:18  Orbital Command  
  86  9:19  Marauder x2  
  90  9:38  Marine x2  
  88  9:39  Marine x3  
  88  9:40  Marine  
  88  9:43  Starport  
  88  9:44  Orbital Command  
  88  9:45  Siege Tank  
  97  10:08  SCV x2  
  99  10:21  Supply Depot, Marine x7  
  100  10:22  Marauder x2, Marine  
  111  10:28  Missile Turret  
  111  10:35  Terran Infantry Weapons Level 3  
  111  10:40  Terran Infantry Armor Level 3  
  111  10:41  SCV  
  113  10:42  SCV  
  113  10:43  Marauder  
  113  10:44  Marauder, SCV  
  118  10:55  Marine  
  118  10:56  Marine x7  
  126  11:03  Starport Reactor  
  126  11:05  Medivac x2  
  130  11:15  SCV x2  
  130  11:16  SCV  
  130  11:18  Marauder x2  
  137  11:21  Supply Depot  
  137  11:26  Supply Depot  
  137  11:27  Marine x8  
  145  11:38  Refinery x2  
  145  11:39  Marauder  
  147  11:47  SCV x3  
  147  11:48  Marine x8  
  158  12:07  Supply Depot  
  158  12:19  Liberator x4  
  158  12:26  Command Center  
  139  13:35  Marine  
  139  13:36  Marine x9  
  148  13:53  Marine x8  
  148  13:54  Marine x2  
  115  14:11  Marine x3  
  115  14:12  Liberator x3  
  115  14:13  Liberator  
  115  14:14  Marine x7  
  111  14:28  Marine  
  111  14:29  Marine x2  
  126  14:32  Marine x7  
  133  14:46  Marine  
  133  14:47  Marine x2  
  133  14:49  Marine  
  133  14:50  Marine x6  
  141  15:04  Marine  
  142  15:10  Building Armor  
  142  15:18  Marine x9  
  151  15:22  Marine  
  142  15:36  Marine x8  
  137  15:45  Marine  
  137  15:46  Marine  
  139  15:53  Marine  
  139  15:54  Marine x6  
  146  15:58  Marine  
  146  16:03  Marine  
  146  16:04  Marine  
  148  16:08  Liberator x4  
  149  16:11  Marine  
  149  16:12  Marine x6  
  149  16:16  Marine  
  157  16:21  Marine x2  
  162  16:29  Marine x3  
  162  16:30  Marine  
  170  16:51  Liberator  
  169  16:56  Marine  
  169  16:57  Marine x9  
  179  17:03  Planetary Fortress  
  182  17:08  Medivac  
  182  17:14  Marine  
  182  17:15  Marine x2  
Tags
 
Add a new tag
Caveats
  • Supply blocks, unpowered buildings, or Contaminate may cause inaccurate times.
  • Supply counts are checked every 10 seconds.